 Dungeon Crawl Stone Soup version 0.24.0-37-gcf1ca852f1 (webtiles) character file.

Game seed: 13727134962578891193, levelgen mode: deterministic

8690 Flugslaktarn the Cleaver (level 11, -8/99 HPs)
             Began as a Minotaur Fighter on Nov 29, 2019.
             Was an Initiate of Gozag.
             Mangled by a reaper
             ... wielding a +0 scythe of freezing
              (30 damage)
             ... in an ice cave.
             The game lasted 00:07:36 (8421 turns).

Flugslaktarn the Cleaver (Minotaur Fighter)         Turns: 8421, Time: 00:07:36

Health: -8/99      AC: 18    Str: 24    XL:     11   Next: 13%
Magic:  10/10      EV:  6    Int:  5    God:    Gozag
Gold:   1241       SH: 18    Dex: 10    Spells: 10/10 levels left

rFire    x . .     SeeInvis .   v - +1 hand axe (flame)
rCold    + + +     Gourm    .   H - +0 large shield
rNeg     . . .     Faith    .   C - +0 ice dragon scales
rPois    .         Spirit   .   (helmet restricted)
rElec    .         Reflect  .   l - +2 cloak {rC+}
rCorr    .         Harm     .   (no gloves)
MR       +....                  r - +1 pair of boots {run}
Stlth    ..........             k - amulet of regeneration
HPRegen  0.66/turn              (no ring)
MPRegen  0.12/turn              m - ring of protection from magic

@: quick
A: retaliatory headbutt, horns 2
a: Potion Petition, Call Merchant, Bribe Branch, Renounce Religion


You were in an ice cave.
You worshipped Gozag.
Gozag was most pleased with you.
You were hungry.

You visited 1 branch of the dungeon, and saw 11 of its levels.
You also visited: Ice Cave.

You collected 1642 gold pieces.
You spent 345 gold pieces at shops.
You paid 56 gold pieces to Gozag.

Inventory:

Hand Weapons
 a - a +0 war axe
 u - a +0 war axe of pain
   (You found it on level 7 of the Dungeon)
 v - a +1 hand axe of flaming (weapon)
   (You found it on level 4 of the Dungeon)
 w - a +1 hand axe of chopping
   (You took it off an orc warrior on level 11 of the Dungeon)
Armour
 b - a +0 scale mail
 c - a +0 shield
 f - a +2 cloak
   (You found it on level 4 of the Dungeon)
 l - a +2 cloak of cold resistance (worn)
   (You found it in an ice cave)
 r - a +1 pair of boots of running (worn)
   (You found it in an ice cave)
 C - +0 ice dragon scales (worn)
   (You found it on level 6 of the Dungeon)
 H - a +0 large shield (worn)
   (You found it on level 4 of the Dungeon)
 K - a +0 plate armour
   (You took it off an orc warrior on level 11 of the Dungeon)
 L - a +0 pair of boots
   (You found it on level 8 of the Dungeon)
Jewellery
 k - an amulet of regeneration (around neck)
   (You found it on level 2 of the Dungeon)
 m - a ring of protection from magic (right hand)
   (You found it on level 1 of the Dungeon)
 t - an uncursed ring of stealth {unknown}
   (You found it on level 10 of the Dungeon)
Wands
 A - a wand of clouds (5)
   (You found it on level 7 of the Dungeon)
 F - a wand of scattershot (2)
   (You found it on level 6 of the Dungeon)
 G - a wand of iceblast (8)
   (You found it on level 7 of the Dungeon)
 I - a wand of enslavement (5)
   (You found it on level 8 of the Dungeon)
Scrolls
 g - 3 scrolls of remove curse
 i - a scroll of fog
 n - 2 scrolls of immolation
 o - a scroll of enchant armour
 p - 3 scrolls of enchant weapon
 y - 6 scrolls of teleportation
 z - a scroll of blinking
 J - a scroll of fear
 N - a scroll of summoning {unknown}
Potions
 d - 3 potions of might
 h - 4 potions of haste
 j - 4 potions of flight
 q - 2 potions of cancellation
 s - 6 potions of agility
 x - a potion of invisibility {unknown}
 B - 2 potions of lignification
 D - a potion of magic {unknown}
 E - 2 potions of brilliance
Comestibles
 e - 15 rations


   Skills:
 + Level 10.0 Fighting
 * Level 12.9 Axes
 + Level 10.0 Armour
 + Level 10.0 Shields
 + Level 0.4 Evocations


You had 10 spell levels left.
You didn't know any spells.
Your spell library was empty.

Dungeon Overview and Level Annotations

Branches:
Dungeon (11/15)            Temple (0/1) D:7            Lair (0/6) D:11
  IceCv (1/1)
    Orc: D:9-12

Altars:
Ashenzari
Cheibriados
Elyvilon
Gozag
Hepliaklqana
Kikubaaqudgha
Nemelex Xobeh
Sif Muna
Trog
Uskayaw
Vehumet
The Shining One

Shops:
D:5 :   D:7 ?   D:10 :

Annotations:
D:11 exclusion: oklob plant


Innate Abilities, Weirdness & Mutations

You reflexively headbutt those who attack you in melee.
You have a pair of horns on your head.


Message History

The reaper freezes you.
* * * LOW HITPOINT WARNING * * *
You closely miss the reaper.
The reaper is severely wounded.
You hit the reaper but do no damage.
The reaper is severely wounded.
You block the reaper's attack.
You hit the reaper but do no damage.
The reaper is severely wounded.
You hit the reaper but do no damage.
The reaper is severely wounded.
You block the reaper's attack.
You hit the reaper but do no damage. Your headbutt misses the reaper.
The reaper is severely wounded.
You barely miss the reaper.
You headbutt the reaper, but do no damage.
The reaper is severely wounded.
The reaper hits you with a +0 scythe of freezing!!
You die...
Your body crumbles into a pile of gold.

###...#...# ##☼#.##..#
......#...# ##....#..#
......#...###....##..#
.#..###....##....#..##
#.##°..§..##...##..#
#°#°$°..#..##..#..##
..§°☼§☼###.2####..#
...§§..# #...###.##
.§§...## ##..#.@##
.§.§.. ##..2.# .○.○.#
##..## §§☼# ####


You could see a reaper.

Vanquished Creatures
  A two-headed ogre (D:9)
  The ghost of frabbit the Carver, a novice OpFi of Dithmenos (D:9)
  2 ice statues (IceCv)
  Joseph (D:7)
  2 centaur skeletons
  8 ice devils (IceCv)
  2 spectral meliai (D:9)
  A spriggan (D:8)
  A wraith (D:11)
  A wyvern (D:11)
  A hungry ghost (D:11)
  A water moccasin (D:7)
  2 orc warriors
  A spectral hornet (D:9)
  A black bear (D:5)
  A hornet zombie (D:9)
  2 ice beasts
  An ogre (D:9)
  A crocodile (D:9)
  3 big kobolds
  3 bullfrogs
  A wyvern zombie (D:8)
  3 scorpions
  9 killer bees
  4 howler monkeys
  4 crimson imps
  3 bullfrog zombies
  A quasit (D:10)
  4 hounds
  4 orc priests
  2 bullfrog skeletons
  4 iguanas
  Jessica (D:7)
  4 orc wizards
  7 worker ants
  A bullfrog simulacrum (D:9)
  A hound skeleton (D:9)
  A howler monkey skeleton (D:8)
  A worker ant zombie (D:9)
  6 gnolls
  14 adders
  A shadow imp (D:9)
  7 white imps (IceCv)
  5 ufetubi (IceCv)
  An adder skeleton (D:6)
  A worm (D:2)
  12 dart slugs
  4 leopard geckos
  22 orcs
  3 bats
  2 bat zombies (D:5)
  2 giant cockroaches (D:2)
  6 goblins
  6 hobgoblins
  13 jackals
  4 quokkas
  2 ball pythons
  2 frilled lizards (D:2)
  A jackal skeleton (D:4)
  10 kobolds
  A quokka skeleton (D:8)
  8 rats
  2 rat zombies (D:5)
227 creatures vanquished.

Vanquished Creatures (others)
  6 white imps (IceCv)
  3 ufetubi (IceCv)
9 creatures vanquished.

Grand Total: 236 creatures vanquished

Notes
Turn   | Place    | Note
-------+----------+-------------------------------------------
     0 | D:1      | Flugslaktarn the Minotaur Fighter began the quest for the
                  | Orb.
     0 | D:1      | Reached XP level 1. HP: 19/19 MP: 0/0
   156 | D:1      | Reached XP level 2. HP: 27/27 MP: 1/1
   244 | D:1      | Reached skill level 3 in Axes
   277 | D:2      | Found a bloodstained altar of Trog.
   290 | D:2      | Reached XP level 3. HP: 5/33 MP: 2/2
   641 | D:2      | Found a white marble altar of Elyvilon.
   661 | D:2      | Found a hazy altar of Hepliaklqana.
   758 | D:2      | Reached XP level 4. HP: 37/40 MP: 3/3
   783 | D:2      | Reached skill level 4 in Axes
  1289 | D:4      | Reached XP level 5. HP: 44/47 MP: 4/4
  1538 | D:4      | Reached skill level 5 in Axes
  1553 | D:4      | Reached XP level 6. HP: 24/55 MP: 5/5
  1663 | D:4      | Found an opulent altar of Gozag.
  1671 | D:4      | Became a worshipper of Gozag Ym Sagoz the Greedy
  1757 | D:4      | Reached skill level 5 in Shields
  2034 | D:4      | Reached skill level 5 in Fighting
  2134 | D:5      | Entered Level 5 of the Dungeon
  2147 | D:5      | Reached skill level 5 in Armour
  2305 | D:5      | Found a snail-covered altar of Cheibriados.
  2359 | D:5      | Reached skill level 6 in Axes
  2359 | D:5      | Reached XP level 7. HP: 55/61 MP: 6/6
  2551 | D:5      | Found Apav's Book Shoppe.
  2712 | D:5      | Found an ancient bone altar of Kikubaaqudgha.
  2839 | D:5      | Found a shattered altar of Ashenzari.
  3041 | D:5      | Found a glowing golden altar of the Shining One.
  3112 | D:6      | Reached skill level 7 in Axes
  3535 | D:6      | Reached XP level 8. HP: 55/70 MP: 7/7
  3845 | D:7      | Found a hide-covered altar of Uskayaw.
  3913 | D:7      | Noticed Joseph
  3930 | D:7      | Killed Joseph
  3930 | D:7      | Reached skill level 8 in Axes
  4006 | D:7      | Found Umopt's Magic Scroll Boutique.
  4034 | D:7      | Bought a scroll of blinking for 75 gold pieces
  4034 | D:7      | Bought a scroll of teleportation for 30 gold pieces
  4034 | D:7      | Bought 3 scrolls of identify for 60 gold pieces
  4034 | D:7      | Bought a scroll of blinking for 75 gold pieces
  4034 | D:7      | Bought a scroll of enchant weapon for 75 gold pieces
  4034 | D:7      | Bought a scroll of remove curse for 30 gold pieces
  4220 | D:7      | Found a staircase to the Ecumenical Temple.
  4327 | D:7      | Found a radiant altar of Vehumet.
  4526 | D:7      | Noticed Jessica
  4533 | D:7      | Killed Jessica
  4546 | D:7      | Found a shimmering blue altar of Sif Muna.
  4638 | D:8      | Reached skill level 9 in Axes
  4689 | D:8      | Reached XP level 9. HP: 52/79 MP: 8/8
  5916 | D:9      | Found a runed translucent gate.
  5916 | D:9      | Found a runed translucent gate.
  5918 | D:9      | Found a runed translucent gate.
  5922 | D:9      | Noticed frabbit's ghost (novice OpFi)
  5965 | D:9      | Reached skill level 10 in Axes
  5976 | D:9      | Noticed a two-headed ogre
  6005 | D:9      | Killed a two-headed ogre
  6340 | D:9      | Reached skill level 11 in Axes
  6340 | D:9      | Reached XP level 10. HP: 90/90 MP: 9/9
  6615 | D:10     | Entered Level 10 of the Dungeon
  6685 | D:9      | Killed frabbit's ghost
  7108 | D:10     | Found a sparkling altar of Nemelex Xobeh.
  7135 | D:10     | Found Capacy's Book Boutique.
  7461 | D:10     | You fall into a shaft and drop 1 floor!
  7581 | D:11     | Found a staircase to the Lair.
  7581 | D:11     | Noticed an oklob plant
  7631 | D:11     | Reached skill level 12 in Axes
  7691 | D:11     | Found a frozen archway.
  7700 | IceCv    | Entered an ice cave
  7745 | IceCv    | Noticed an ice statue
  7745 | IceCv    | Noticed an ice statue
  7782 | IceCv    | Killed an ice statue
  7883 | IceCv    | Killed an ice statue
  7988 | IceCv    | Identified a +1 pair of boots of running (You found it in
                  | an ice cave)
  8120 | IceCv    | Reached XP level 11. HP: 26/99 MP: 10/10
  8303 | IceCv    | Reached skill level 10 in Fighting
  8303 | IceCv    | Reached skill level 10 in Shields
  8311 | IceCv    | Reached skill level 10 in Armour
  8363 | IceCv    | Noticed a reaper
  8421 | IceCv    | Mangled by a reaper

Levels and vault maps discovered:
D:1:      dpeg_arrival_boxorama, layout_loops_cross
D:2:      layout_rooms, old_standard_altar, nicolae_overflow_hidden_temple,
          nicolae_overflow_crystal_walls, first_ration, minmay_3d_cube
D:3:      layout_loops_ring, lemuel_doored_altar, tgw_trog
D:4:      layout_loops_ring, grunt_gozag_statues
D:5:      black_bear_nest_1, layout_loops_ring,
          lemuel_zombie_altar_kikubaaqudgha, marbit_many_paths,
          overflow_temple_1_default, kennysheep_mini_moat, serial_shops,
          kennysheep_little_box
D:6:      layout_cave_pools
D:7:      kennysheep_slugbush, layout_basic, vehumet_crystals,
          lemuel_round_altar, tgw_sif, minmay_temple_entry_enclosed_plants,
          serial_shops, shop, uniq_joseph
D:8:      layout_layer_cave, the_bakery
D:9:      minmay_spotlight, layout_loops_ring, gammafunk_ghost_necromancy
D:10:     layout_gridville, serial_shops, shop, basic_altar
D:11:     layout_long_grid, dpeg_oklobed_lair, portal_ice_cave_entry_pillars_2
IceCv:    ice_cave_small_demon

Skill      XL: |  1  2  3  4  5  6  7  8  9 10 11 |
---------------+----------------------------------+-----
Axes           | 3 4 5 6 7 9 11 12 | 12.9
Shields        | 4 5 6 7 8 9 10 | 10.0
Fighting       | 4 5 6 7 8 9 10 | 10.0
Armour         | 4 5 6 7 8 9 10 | 10.0
Evocations     | |  0.4

Action                   |  1- 3 |  4- 6 |  7- 9 | 10-12 || total
-------------------------+-------+-------+-------+-------++-------
Melee: War axe           |    72 |    89 |     7 |       ||   168
       Headbutt          |    10 |    32 |    70 |   105 ||   217
       Hand axe          |       |    95 |   364 |   426 ||   885
Invok: Potion Petition   |       |       |     1 |       ||     1
Evoke: Wand              |       |       |       |     2 ||     2
  Use: Scroll            |       |       |    14 |     5 ||    19
       Potion            |       |       |     3 |     3 ||     6
 Stab: Distracted        |       |       |     1 |     1 ||     2
  Eat: Chunk             |       |     3 |       |       ||     3
       Ration            |       |     1 |     3 |     3 ||     7
Armor: Scale mail        |    28 |    55 |    98 |    95 ||   276
       Ice dragon scales |       |       |       |    71 ||    71
Dodge: Dodged            |    18 |    36 |    39 |    58 ||   151
Block: Shield            |    40 |    51 |       |       ||    91
       Large shield      |       |    63 |   274 |   309 ||   646
